Map: Orbital Shipyard

Players

Ascarecrow - Winner!

  • Race: Zerg Zerg
  • League: Master

GnuGnu

  • Race: Protoss Protoss
  • League: Grandmaster

VOD

Have the link to the VOD?

Description

Time

  • Played on: Dec. 7, 2015, 3:52 a.m.
  • Length: 7:50
Show
View Real Time Build Order
Export as new Build Order

Ascarecrow Zerg - Winner!

Build Orders: 3 Hatch before Pool 

Get SALT Encoding   

  12  0:01  Drone  
  13  0:12  Overlord  
  13  0:17  Drone  
  14  0:30  Drone x2  
  14  0:35  Drone  
  17  0:56  Hatchery, Drone  
  17  1:00  Drone  
  18  1:07  Drone  
  19  1:20  Drone  
  20  1:31  Hatchery  
  19  1:34  Drone  
  20  1:44  Spawning Pool  
  20  1:46  Drone  
  20  1:50  Extractor  
  20  1:53  Drone  
  20  2:07  Drone  
  21  2:18  Drone x2  
  24  2:22  Drone  
  24  2:23  Drone  
  25  2:34  Evolution Chamber  
  25  2:35  Zergling x2  
  25  2:36  Queen  
  25  2:40  Overlord  
  25  2:42  Queen  
  29  2:47  Drone x2  
  29  2:48  Drone  
  32  2:56  Queen  
  34  3:01  Zerg Melee Weapons Level 1  
  34  3:05  Drone  
  35  3:08  Drone x2  
  37  3:16  Drone x3  
  40  3:24  Overlord  
  40  3:28  Drone x2  
  42  3:44  Zergling x12  
  48  3:51  Metabolic Boost  
  44  3:58  Queen  
  44  4:00  Overlord x2  
  45  4:08  Zergling x4  
  45  4:09  Zergling x2  
  47  4:10  Roach Warren  
  45  4:25  Zergling x16  
  50  4:33  Zergling x8  
  48  4:57  Zergling x12  
  48  4:58  Zergling x4  
  50  5:08  Lair  
  50  5:11  Zergling x20  
  57  5:21  Queen  
  57  5:25  Zergling x6  
  62  5:44  Zergling x8  
  62  5:46  Overlord x3  
  65  5:54  Zergling x2  
  65  5:55  Zergling x2  
  64  6:05  Drone  
  64  6:06  Drone x7  
  66  6:23  Zergling x2  
  66  6:24  Zergling x6  
  69  6:29  Drone x2  
  65  6:48  Zergling x4  
  65  6:49  Zergling x18  
  74  7:06  Zergling x2  
  74  7:07  Zergling x10  
  80  7:18  Drone x6  
  80  7:19  Drone  
  85  7:23  Drone  
  85  7:26  Drone  
  86  7:35  Drone x2  
  86  7:36  Drone  
  89  7:39  Spore Crawler  
  89  7:40  Spore Crawler  
  89  7:43  Spore Crawler  
  85  7:45  Extractor  
  85  7:48  Extractor  
Show
View Real Time Build Order
Export as new Build Order

GnuGnu Protoss 

Build Orders: Nexus First 

Get SALT Encoding   

  12  0:05  Probe (Chrono Boost)  
  13  0:15  Probe (Chrono Boost)  
  14  0:23  Pylon  
  14  0:26  Probe (Chrono Boost)  
  15  0:41  Probe (Chrono Boost)  
  16  0:51  Probe (Chrono Boost)  
  17  0:58  Nexus  
  17  1:08  Gateway  
  17  1:11  Probe (Chrono Boost)  
  18  1:16  Assimilator  
  18  1:21  Probe (Chrono Boost)  
  18  1:24  Assimilator  
  19  1:32  Pylon  
  19  1:35  Probe (Chrono Boost)  
  20  1:45  Probe (Chrono Boost)  
  21  1:52  Gateway  
  21  1:56  Cybernetics Core  
  21  1:59  Probe (Chrono Boost)  
  22  2:07  Zealot  
  24  2:11  Probe (Chrono Boost)  
  24  2:13  Probe (Chrono Boost)  
  26  2:22  Probe (Chrono Boost)  
  27  2:24  Probe (Chrono Boost)  
  28  2:36  Mothership Core (Chrono Boost)  
  30  2:39  Adept (Chrono Boost)  
  30  2:40  Adept (Chrono Boost)  
  30  2:42  Probe  
  35  2:50  Warp Gate  
  35  2:54  Probe  
  35  2:56  Probe  
  37  3:07  Probe (Chrono Boost)  
  37  3:12  Stargate  
  38  3:13  Probe (Chrono Boost)  
  38  3:19  Probe (Chrono Boost)  
  40  3:24  Probe (Chrono Boost)  
  41  3:29  Probe (Chrono Boost)  
  42  3:35  Pylon  
  42  3:37  Pylon  
  42  3:38  Pylon  
  42  3:40  Probe (Chrono Boost)  
  43  3:47  Probe (Chrono Boost)  
  44  3:50  Probe (Chrono Boost)  
  43  3:57  Nexus  
  43  4:01  Probe (Chrono Boost)  
  44  4:04  Sentry x2  
  44  4:07  Oracle  
  51  4:11  Probe (Chrono Boost)  
  51  4:15  Probe (Chrono Boost)  
  53  4:21  Forge  
  53  4:22  Probe (Chrono Boost)  
  54  4:26  Assimilator x2  
  54  4:32  Probe (Chrono Boost)  
  54  4:38  Probe (Chrono Boost)  
  54  4:52  Pylon  
  54  4:56  Probe x2 (Chrono Boost), Robotics Facility  
  56  5:00  Twilight Council  
  56  5:10  Probe x2 (Chrono Boost)  
  58  5:18  Probe (Chrono Boost), Photon Cannon  
  58  5:20  Probe (Chrono Boost)  
  56  5:24  Gateway, Pylon  
  56  5:25  Gateway  
  56  5:27  Probe (Chrono Boost)  
  57  5:30  Pylon  
  57  5:31  Probe (Chrono Boost)  
  57  5:34  Gateway  
  57  5:38  Probe (Chrono Boost)  
  57  5:39  Adept  
  59  5:49  Probe x2 (Chrono Boost)  
  62  5:50  Probe (Chrono Boost)  
  62  5:56  Warp Prism  
  59  5:57  Resonating Glaives, Pylon  
  55  6:13  Pylon x2  
  55  6:15  Probe (Chrono Boost)  
  55  6:16  Probe (Chrono Boost)  
  57  6:20  Sentry  
  58  6:27  Oracle  
  61  6:34  Pylon  
  61  6:46  Adept  
  61  6:53  Probe x2 (Chrono Boost)  
Tags
 
Add a new tag
Caveats
  • Supply blocks, unpowered buildings, or Contaminate may cause inaccurate times.
  • Supply counts are checked every 10 seconds.